 Dungeon Crawl Stone Soup version 0.18.1-48-g4cf74bf (webtiles) character file.

242 GordonOverkill the Skirmisher (level 6, -3/56 HPs)
             Began as a Hill Orc Wanderer on July 24, 2016.
             Slain by an ogre
             ... wielding a +0 giant spiked club
              (10 damage)
             ... on level 4 of the Dungeon.
             The game lasted 00:13:48 (4928 turns).

GordonOverkill the Skirmisher (Hill Orc Wanderer)   Turns: 4928, Time: 00:13:49

Health: -3/56      AC: 21    Str: 17    XL:     6   Next: 9%
Magic:  8/8        EV:  5    Int: 11    God:
Gold:   180        SH:  0    Dex: 11    Spells: 0 memorised, 8 levels left

rFire  . . .     SeeInvis .     x - +2 mace (protect)
rCold  . . .     Gourm    .     u - +0 plate armour
rNeg   . . .     Faith    .     (no shield)
rPois  .         Spirit   .     t - +0 helmet
rElec  .         Dismiss  .     g - +0 cloak
rCorr  .         Reflect  .     k - +1 pair of gloves
SustAt .         Harm     .     (no boots)
MR     .....                    (no amulet)
Stlth  ..........               y - +2 ring of slaying
                                d - ring of flight

@: drained, not resistant to hostile enchantments, extremely unstealthy
A: no striking features
a: Evoke Flight


You were on level 4 of the Dungeon.
You were not hungry.

You visited 1 branch of the dungeon, and saw 4 of its levels.

You collected 180 gold pieces.

Inventory:

Hand Weapons
 s - a +2 dagger of flaming
 x - a +2 mace of protection (weapon)
 z - a +0 hand axe
Armour
 g - a +0 cloak (worn)
 k - a +1 pair of gloves (worn)
 t - a +0 helmet (worn)
 u - a +0 plate armour (worn)
Jewellery
 d - a ring of flight (left hand)
 y - a +2 ring of slaying (right hand)
Wands
 a - a wand of confusion (15/48)
 r - a wand of random effects (19/48)
Scrolls
 i - a scroll of blinking
 j - 7 scrolls of identify
 n - a scroll of magic mapping
Potions
 e - a potion of cure mutation
 h - a potion of curing
 m - a potion of resistance
Books
 b - the Guide on Unholy Rites

   Spells                             Type                      Level
   a - Pain                           Necromancy                   1
   b - Vampiric Draining              Necromancy                   3
Comestibles
 c - a chunk of flesh
 f - 2 bread rations
 o - 2 royal jellies
 p - 3 meat rations
 q - 7 fruits


   Skills:
 - Level 5.0(4.7) Fighting
 + Level 2.5(2.2) Axes
 - Level 4.0(3.7) Armour
 - Level 1.0(0.7) Dodging
   Level 1.1(0.8) Shields
 - Level 1.5(1.2) Spellcasting
   Level 1.0(0.7) Hexes
   Level 2.0(1.7) Earth Magic
 - Level 1.0(0.7) Evocations


You had 8 spell levels left.
You didn't know any spells.

Dungeon Overview and Level Annotations

Branches:
Dungeon (4/15)
 Temple: D:4-7

Altars:
Gozag
Kikubaaqudgha
Xom

Annotations:
D:3 sxhjm's ghost, weakling HOFE


Message History

* * * LOW HITPOINT WARNING * * *
You are too injured to fight recklessly!
You are too injured to fight recklessly!
You are too injured to fight recklessly!
You are too injured to fight recklessly!
You are too injured to fight recklessly!
You sock the ogre!
The ogre is almost dead.
The ogre barely misses you.
Your plate armour prevents you from hitting the ogre.
The ogre is almost dead.
The ogre barely misses you.
Your plate armour prevents you from hitting the ogre.
The ogre is almost dead.
The ogre hits you with a giant spiked club.
* * * LOW HITPOINT WARNING * * *
Your plate armour prevents you from hitting the ogre.
The ogre is almost dead.
The ogre hits you with a giant spiked club!
You die...

# ### ..
#.## #...
#..###.....
#.........#
#..@O....#
#......###
#<.....#
#...>...#
##......#
#......#
#......#
#.....##
#[?...#


You could see an ogre.

Vanquished Creatures
  Crazy Yiuf (D:3)
  2 orc wizards (D:3)
  Robin (D:2)
  5 adders
  2 worms
  4 giant geckos
  7 orcs
  3 giant cockroaches
  8 hobgoblins
  2 jackals (D:2)
  2 quokkas (D:3)
  2 ball pythons
  12 bats
  4 giant newts
  17 goblins
  9 kobolds
  4 rats
  A fungus (D:3)
86 creatures vanquished.

Notes
Turn   | Place    | Note
--------------------------------------------------------------
     0 | D:1      | GordonOverkill the Hill Orc Wanderer began the quest for the Orb.
     0 | D:1      | GordonOverkill set off with: a wand of confusion (15/48), the Guide on Unholy Rites, a +0 robe, a +0 club, a bread ration
     0 | D:1      | Reached XP level 1. HP: 16/16 MP: 3/3
   205 | D:1      | Reached skill level 2 in Fighting
   287 | D:1      | Reached XP level 2. HP: 11/25 MP: 4/4
   886 | D:1      | Reached skill level 3 in Fighting
  1394 | D:2      | Reached XP level 3. HP: 31/31 MP: 5/5
  1431 | D:2      | Found an ancient bone altar of Kikubaaqudgha.
  1670 | D:3      | Reached skill level 4 in Fighting
  1710 | D:2      | HP: 1/33 [worm (10)]
  1715 | D:2      | HP: 1/33 [bat (1)]
  1724 | D:2      | HP: 1/33 [bat (1)]
  2272 | D:2      | Found an opulent altar of Gozag.
  2312 | D:2      | Found a faded altar to an unknown god.
  2369 | D:2      | Found a shimmering altar of Xom.
  2571 | D:2      | Noticed Robin
  2581 | D:2      | Reached XP level 4. HP: 35/41 MP: 6/6
  2594 | D:2      | Killed Robin
  2618 | D:1      | HP: 2/41 [hobgoblin/club[Robin] (2)]
  3029 | D:2      | Reached skill level 5 in Fighting
  3274 | D:3      | Reached XP level 5. HP: 32/48 MP: 7/7
  3759 | D:3      | Noticed sxhjm's ghost (weakling HOFE)
  4052 | D:3      | Reached skill level 1 in Dodging
  4352 | D:2      | Reached skill level 1 in Axes
  4735 | D:3      | Noticed Crazy Yiuf
  4745 | D:3      | Killed Crazy Yiuf
  4745 | D:3      | Reached XP level 6. HP: 35/56 MP: 8/8
  4928 | D:4      | Slain by an ogre

Skill      XL: |  1  2  3  4  5 |
---------------+----------------+-----
Fighting       | 2 3 4 5 |  5.0
Armour         | 3 4 |  4.0
Dodging        | 1 |  1.0
Axes           | 2 |  2.5
Shields        | |  1.1
Spellcasting   | |  1.5
Hexes          | |  1.0
Earth Magic    | |  2.0
Evocations     | |  1.0

Action                   |  1- 3 |  4- 6 || total
-------------------------+-------+-------++-------
Melee: Club              |    94 |       ||    94
       Long sword        |   123 |    39 ||   162
       Dagger            |       |    63 ||    63
       Mace              |       |   127 ||   127
  Use: Scroll            |     1 |     7 ||     8
       Potion            |     2 |     2 ||     4
  Eat: Chunk             |     5 |     9 ||    14
Armor: Ring mail         |   172 |    73 ||   245
       Plate armour      |       |    78 ||    78
       Chain mail        |       |    28 ||    28
Dodge: Dodged            |   212 |   113 ||   325
